General information
- name: BNet
- type: Ladder team game (AT/RT)
- host: Battle.net
- saver: BEAR_AND
map: Avalanche
- players: 4
- length: 07:54
- speed: Fast
- version: 1.21 W3XP
- replay type:

» download(32 KB)
Players
team 1 (loser)
jfizzle (
teal | 45 APM | 208 actions | 04:39)
1 Blademaster
1 Wind Walk
» actions
| Assign group hotkey | 3 | |
| Basic commands | 3 | |
| Build / train | 11 | |
| Enter build submenu | 6 | |
| Enter hero's abilities submenu | 1 | |
| Right click | 94 | |
| Select / deselect | 56 | |
| Select group hotkey | 24 | |
| Use ability | 10 | |
208 total
» units
» buildings
| Altar of Storms | 1 | |
| Barracks | 2 | |
| Orc Burrow | 2 | |
| Voodoo Lounge | 1 | |
6 total
» build order
00:05 Altar of Storms
00:12 Barracks
00:29 Orc Burrow
02:02 Orc Burrow
02:51 Voodoo Lounge
03:51 Barracks
travis702 (
yellow | 48 APM | 374 actions | 07:52)
1 Demon Hunter
1 Mana Burn
» actions
| Assign group hotkey | 5 | |
| Basic commands | 18 | |
| Build / train | 17 | |
| Enter build submenu | 7 | |
| Enter hero's abilities submenu | 1 | |
| Right click | 195 | |
| Select / deselect | 116 | |
| Select group hotkey | 1 | |
| Use ability | 14 | |
374 total
» units
» buildings
| Altar of Elders | 1 | |
| Moon Well | 5 | |
| Hunter's Hall | 1 | |
7 total
» build order
00:07 Altar of Elders
00:23 Moon Well
02:42 Moon Well
03:10 Hunter's Hall
03:15 Moon Well
04:09 Moon Well
04:11 Moon Well
team 2 (winner)
BEAR_AND (
red | 91 APM | 720 actions | 07:54)
3 Archmage
2 Summon Water Elemental
1 Brilliance Aura
» actions
| Assign group hotkey | 18 | |
| Build / train | 36 | |
| Enter build submenu | 15 | |
| Enter hero's abilities submenu | 3 | |
| Right click | 343 | |
| Select / deselect | 124 | |
| Select group hotkey | 157 | |
| Use ability | 24 | |
720 total
» units
» upgrades
» buildings
| Altar of Kings | 1 | |
| Farm | 3 | |
| Barracks | 1 | |
| Lumber Mill | 2 | |
| Scout Tower | 8 | |
| Guard Tower | 5 | |
| Town Hall | 1 | |
| Keep | 1 | |
22 total
» build order
00:06 Altar of Kings
00:22 Farm
00:30 Farm
00:36 Barracks
01:30 Lumber Mill
02:29 Farm
03:01 Scout Tower
03:02 Scout Tower
03:02 Scout Tower
03:02 Scout Tower
03:31 Guard Tower
03:35 Guard Tower
03:40 Guard Tower
04:06 Guard Tower
04:09 Scout Tower
04:11 Scout Tower
04:12 Scout Tower
04:14 Scout Tower
04:57 Guard Tower
05:27 Lumber Mill
06:23 Town Hall
07:16 Keep
dirtmcWORDup (
blue | 45 APM | 357 actions | 07:52)
3 Demon Hunter
2 Mana Burn
1 Evasion
» actions
| Assign group hotkey | 1 | |
| Basic commands | 5 | |
| Build / train | 18 | |
| ESC pressed | 1 | |
| Enter build submenu | 11 | |
| Enter hero's abilities submenu | 3 | |
| Right click | 143 | |
| Select / deselect | 84 | |
| Select group hotkey | 67 | |
| Use ability | 24 | |
357 total
» units
» buildings
| Altar of Elders | 1 | |
| Moon Well | 3 | |
| Ancient of War | 3 | |
| Hunter's Hall | 1 | |
| Tree of Ages | 1 | |
| Tree of Eternity | 1 | |
| Ancient of Wind | 1 | |
11 total
» build order
00:12 Altar of Elders
00:25 Moon Well
01:00 Ancient of War
01:58 Ancient of War
02:38 Ancient of War
03:29 Hunter's Hall
03:30 Tree of Ages
03:34 Moon Well
06:04 Tree of Eternity
06:05 Ancient of Wind
06:07 Moon Well
Chat log
(02:47 / All) BEAR_AND: bye
(02:48 / All) BEAR_AND: quit noob
(04:30 / All) jfizzle: yea gg
(04:32 / All) BEAR_AND: BEGONE
(04:33 / All) jfizzle: weird strat
(04:35 / All) BEAR_AND: kiss my feet * bow
(04:36 / All) travis702: gg
(04:40 / All) travis702: not rly
(04:42 / All) travis702: pretty gay
(04:43 / All) dirtmcWORDup: gg leave
(04:44 / All) travis702: but oh wel
(04:47 / All) dirtmcWORDup: yopu suck
(04:48 / All) BEAR_AND: GTFO
(04:49 / All) dirtmcWORDup: bye
(04:51 / All) BEAR_AND: shit face
(04:55 / All) dirtmcWORDup: cya
(04:56 / All) travis702: stfu
(04:59 / All) dirtmcWORDup: ty for free win
(05:02 / All) dirtmcWORDup: i make 0 unit hahahahha
(05:03 / All) travis702: yw
(05:04 / All) BEAR_AND: easiest win of my life
(05:05 / All) travis702: ur gayu tho
(05:15 / All) BEAR_AND: 1v1?
(05:16 / All) BEAR_AND: rematch?
(05:20 / All) BEAR_AND: just quit bitch
(05:26 / All) travis702: um 1v1
(05:31 / All) travis702: wont stop u from being gay though...
(05:31 / All) dirtmcWORDup: ok
(05:32 / All) BEAR_AND: k
(05:33 / All) travis702: so idc
(05:33 / All) BEAR_AND: rematch
(05:34 / All) dirtmcWORDup: channel clan towa
(05:37 / All) BEAR_AND: you'll lose
(05:39 / All) travis702: ty
(05:40 / All) BEAR_AND: 20apm noob
(05:43 / All) travis702: i probably will
(05:50 / All) travis702: cuz ur a nerd
(05:52 / All) travis702: playin this shit
(05:54 / All) BEAR_AND: don't flatter yourself
(05:57 / All) BEAR_AND: uninstall the game then
(06:05 / All) travis702: u make no sense...
(06:09 / All) travis702: flatter myself...
(06:15 / All) BEAR_AND: saying you probably will lose?
(06:16 / All) travis702: gg
(06:18 / All) BEAR_AND: you defnitely will
(06:18 / All) travis702: =)
(06:20 / All) dirtmcWORDup: ty
(06:23 / All) dirtmcWORDup: channel clan towa
(06:26 / All) dirtmcWORDup: for 1v1
(06:29 / All) travis702: thats not flattering
(06:30 / All) BEAR_AND: ty for the expo
(06:33 / All) travis702: learn some english...
(06:36 / All) travis702: read a dictionary
(06:37 / All) BEAR_AND: bitch
(06:39 / All) dirtmcWORDup: come to channel clan towa
(06:41 / All) dirtmcWORDup: for a 1v1
(06:43 / All) dirtmcWORDup: noob
(06:45 / All) BEAR_AND: saying you have even the remotest possibility of winning
(06:46 / All) travis702: pro..
(06:48 / All) travis702: omg
(06:48 / All) BEAR_AND: is flattering yourself
(06:49 / All) dirtmcWORDup: is that english enough for you
(06:49 / All) BEAR_AND: retard
(06:51 / All) travis702: nerd
(06:55 / All) travis702: play 24/7
(06:58 / All) travis702: stfu and die...
(07:01 / All) dirtmcWORDup: 1v1
(07:01 / All) BEAR_AND: i play 10 games a week
(07:11 / All) BEAR_AND: fuck u , i win
(07:15 / All) travis702: ty
(07:16 / All) travis702: u do
(07:16 / All) dirtmcWORDup: hahahah PWNED
(07:18 / All) dirtmcWORDup: ty
(07:18 / All) travis702: gg...
(07:21 / All) travis702: dont be so cocky
(07:22 / All) dirtmcWORDup: gg ty
(07:23 / All) BEAR_AND: suck on my DOGGY DICK
(07:25 / All) dirtmcWORDup: dont be so bad
(07:29 / All) BEAR_AND: i will beat you every time i play you
(07:31 / All) BEAR_AND: without doubt,
(07:34 / All) travis702: this would never work
(07:38 / All) travis702: in a wc3l game
(07:39 / All) BEAR_AND: 1v1?
(07:40 / All) BEAR_AND: rematch?
(07:41 / All) travis702: so idk...
(07:44 / All) dirtmcWORDup: 1v1
(07:49 / All) dirtmcWORDup: lmao talking about league games
(07:50 / All) travis702: i dont wanna waste my time with you....so idk...
(07:51 / All) dirtmcWORDup: 1v1 me noob